 Dungeon Crawl Stone Soup version 0.31-a0-1612-g4aaf141004 (webtiles) character file.

Game seed: 3199580694799609238

2669 bmb222 the Covert (level 9, -6/69 (74) HPs)
             Began as a Gnoll Delver on Jan 9, 2024.
             Was a Believer of Cheibriados.
             Mangled by a wight
             ... wielding a +2 halberd
              (10 damage)
             ... on level 7 of the Dungeon.
             The game lasted 00:09:38 (7052 turns).

bmb222 the Covert (Gnoll Delver)                    Turns: 7052, Time: 00:09:39

HP:   -6/69 (74)    AC: 11    Str: 19    XL:     9   Next: 63%
MP:   13/15         EV: 15    Int: 18    God:    Cheibriados [**....]
Gold: 237           SH:  0    Dex: 20    Spells: 17/17 levels left

rFire   x . .        j - +5 mace
rCold   . . .        (no shield)
rNeg    . . .        e - +5 ring mail
rPois   .            (no helmet)
rElec   .            (no cloak)
rCorr   .            (no gloves)
SInv    .            (no boots)
Will    .....        v - amulet of magic regeneration
Stlth   ++++         q - ring of wizardry
HPRegen 0.31/turn    (no ring)
MPRegen 0.54/turn

%: wizardry (x1)
@: drained, very slow
A: fangs 1, strong nose, distributed training, heat vulnerability 1
a: Renounce Religion, Bend Time


You were on level 7 of the Dungeon.
You worshipped Cheibriados.
Cheibriados was pleased with you.
You visited 2 branches of the dungeon, and saw 8 of its levels.

You collected 237 gold pieces.

Inventory:

Hand Weapons
 a - a +0 short sword
 f - a +0 hand axe of flaming
 j - a +5 mace (weapon)
 k - a +1 hand axe of freezing
 u - a +2 falchion of holy wrath
Missiles
 i - 2 throwing nets (quivered)
 m - 3 curare-tipped darts
Armour
 b - a +0 leather armour
 e - a +5 ring mail (worn)
Jewellery
 q - a ring of wizardry (left hand)
 v - an amulet of magic regeneration (around neck)
Wands
 g - a wand of digging (4)
Scrolls
 c - a scroll of fog
 d - 2 scrolls of revelation
 r - a scroll of amnesia
Potions
 h - a potion of enlightenment
 n - a potion of brilliance
 o - 5 potions of mutation
 t - a potion of magic


   Skills:
 + Level 8.1 Fighting
 + Level 6.6 Short Blades
 + Level 4.6 Long Blades
 + Level 4.6 Axes
 + Level 4.6 Maces & Flails
 + Level 4.6 Polearms
 + Level 4.6 Staves
 + Level 4.6 Ranged Weapons
 + Level 4.6 Throwing
 + Level 4.6 Armour
 + Level 6.6 Dodging
 + Level 10.6 Stealth
 + Level 4.6 Shields
 + Level 4.6 Unarmed Combat
 + Level 4.6 Spellcasting
 + Level 3.8 Conjurations
 + Level 3.8 Hexes
 + Level 3.8 Summonings
 + Level 3.8 Necromancy
 + Level 3.8 Translocations
 + Level 3.8 Fire Magic
 + Level 3.8 Ice Magic
 + Level 3.8 Air Magic
 + Level 3.8 Earth Magic
 + Level 3.8 Alchemy
 + Level 5.1 Invocations
 + Level 4.6 Evocations
 + Level 4.2 Shapeshifting


You had 17 spell levels left.
You didn't know any spells.
Your spell library contained the following spells:

 Spells                   Type           Power      Damage    Failure   Level
 Necrotise                Necr           68%        1d7       1%          1
 Sublimation of Blood     Necr           17%        N/A       3%          2
 Vampiric Draining        Necr           17%        2d7       6%          3
 Martyr's Knell           Necr/Summ      17%        N/A       19%         4
 Petrify                  Alch/Erth      17%        N/A       19%         4
 Curse of Agony           Necr           17%        N/A       45%         5
 Irradiate                Conj/Alch      8%         3d14      45%         5


Dungeon Overview and Level Annotations

Branches:
Dungeon (7/15)             Temple (1/1) D:4

Altars:
Ashenzari
Cheibriados
Dithmenos
Elyvilon
Fedhas
Gozag
Hepliaklqana
Makhleb
Nemelex Xobeh
Ru
Sif Muna
Trog
Uskayaw
Vehumet
Wu Jian
Xom
The Shining One

Shops:
D:1 (


Innate Abilities, Weirdness & Mutations

You have very sharp teeth.
Your uncanny sense of smell can sniff out nearby items.
Your experience applies equally to all skills.
You are vulnerable to heat. (rF-)


Message History

The wight is almost destroyed.
The wight hits you from afar with a +2 halberd.
The wight completely misses you.
The wight hits you with a +5 scimitar of freezing!
The wight freezes you.
The wight hits you from afar with a +2 halberd!
* * * LOW HITPOINT WARNING * * *
You feel drained.
* * * LOW HITPOINT WARNING * * *
You hit the wight.
You destroy the wight!
Cheibriados appreciates the change of pace.
The wight closely misses you.
Unknown command.
You warp the flow of time around you!
You can no longer warp the flow of time around you.
Unknown command.
You thump the orc!
You kill the orc!
Cheibriados appreciates the change of pace.
The wight barely misses you. The orc misses you.
Unknown command.
You closely miss the orc. You bite the orc, but do no damage.
The wight barely misses you. The wight closely misses you.
The orc closely misses you.
Unknown command.
You hit the orc but do no damage. The wight closely misses you. x2
Unknown command.
You hit the wight.
The wight is moderately damaged.
The wight closely misses you. x2
The orc complains noisily.
The wight hits you with a +5 dagger of freezing.
* * * LOW HITPOINT WARNING * * *
The wight freezes you.
* * * LOW HITPOINT WARNING * * *
The wight hits you with a +2 falchion!
* * * LOW HITPOINT WARNING * * *
The wight hits you from afar with a +2 halberd!
You die...

##################
#................#
#.#######........# #.#
#........# #.#
#.........
#####.#######........#
+......zz@zo).).......
##.#..#.#####........#
#.z.....# #........#
#..#.#..## ##########
#.........#
.....#.#.#.#
......#....o.#
.....#.#.#.#o# ####.
.##...........


You could see 3 wights and an orc.

Vanquished Creatures
  Maggie (D:7)
  Eustachio (D:5)
  3 water moccasins
  2 ice beasts
  2 ogres
  A centaur (D:6)
  A phantom (D:4)
  3 bullfrogs
  2 scorpions
  2 wights (D:7)
  3 hounds
  3 jellies (D:5)
  A gnoll bouda (D:6)
  5 orc priests
  7 orc wizards
  7 iguanas
  6 gnolls
  12 adders
  6 dart slugs
  A ribbon worm (D:4)
  23 orcs
  9 endoplasms
  3 giant cockroaches
  5 goblins
  12 hobgoblins
  6 jackals
  5 quokkas
  8 ball pythons
  2 bats (D:2)
  3 frilled lizards
  13 kobolds
  6 rats
164 creatures vanquished.

Vanquished Creatures (others)
  An orc wizard (D:3)
1 creature vanquished.

Grand Total: 165 creatures vanquished

Notes
Turn   | Place    | Note
-------+----------+-------------------------------------------
     0 | D:5      | Reached skill level 9 in Stealth
     0 | D:5      | bmb222 the Gnoll Delver began the quest for the Orb.
     0 | D:5      | Reached XP level 1. HP: 23/23 MP: 1/1
    10 | D:5      | Noticed Eustachio
   181 | D:3      | Reached XP level 2. HP: 20/29 MP: 2/2
   258 | D:2      | Found a faded altar of an unknown god.
   284 | D:2      | Reached XP level 3. HP: 12/35 MP: 2/4
   462 | D:2      | Reached skill level 1 in Invocations
   612 | D:1      | Found Quetrosu's Weapon Shop.
   796 | D:1      | Reached skill level 1 in Long Blades
   796 | D:1      | Reached skill level 1 in Axes
   796 | D:1      | Reached skill level 1 in Maces & Flails
   796 | D:1      | Reached skill level 1 in Polearms
   796 | D:1      | Reached skill level 1 in Staves
   796 | D:1      | Reached skill level 1 in Ranged Weapons
   796 | D:1      | Reached skill level 1 in Throwing
   796 | D:1      | Reached skill level 1 in Armour
   796 | D:1      | Reached skill level 1 in Shields
   796 | D:1      | Reached skill level 1 in Unarmed Combat
   796 | D:1      | Reached skill level 1 in Spellcasting
   796 | D:1      | Reached skill level 1 in Evocations
  1013 | D:1      | Reached skill level 1 in Shapeshifting
  1013 | D:1      | Reached XP level 4. HP: 41/41 MP: 5/5
  1648 | D:2      | Reached skill level 1 in Conjurations
  1648 | D:2      | Reached skill level 1 in Hexes
  1648 | D:2      | Reached skill level 1 in Summonings
  1648 | D:2      | Reached skill level 1 in Necromancy
  1648 | D:2      | Reached skill level 1 in Translocations
  1648 | D:2      | Reached skill level 1 in Fire Magic
  1648 | D:2      | Reached skill level 1 in Ice Magic
  1648 | D:2      | Reached skill level 1 in Air Magic
  1648 | D:2      | Reached skill level 1 in Earth Magic
  1648 | D:2      | Reached skill level 1 in Alchemy
  1869 | D:2      | Reached XP level 5. HP: 35/47 MP: 7/7
  2235 | D:3      | HP: 1/47 [orc wizard/magic dart (8)]
  2248 | D:3      | Reached XP level 6. HP: 7/53 MP: 8/8
  2919 | D:4      | Found a bloodstained altar of Trog.
  2919 | D:4      | Found a glowing golden altar of the Shining One.
  2956 | D:4      | Reached skill level 5 in Short Blades
  2956 | D:4      | Reached skill level 5 in Dodging
  3332 | D:4      | Reached XP level 7. HP: 5/60 MP: 10/10
  3553 | D:4      | Found a staircase to the Ecumenical Temple.
  3563 | Temple   | Entered the Ecumenical Temple
  3593 | Temple   | Became a worshipper of Cheibriados the Contemplative
  4259 | D:5      | Reached skill level 10 in Stealth
  4437 | D:5      | Killed Eustachio
  4438 | D:5      | Reached XP level 8. HP: 67/67 MP: 12/12
  4629 | D:5      | Reached * piety under Cheibriados
  4762 | D:5      | Found a shimmering altar of Xom.
  5157 | D:5      | Found a broken altar of Ashenzari.
  5295 | D:5      | Reached ** piety under Cheibriados
  5349 | D:5      | Found a sacrificial altar of Ru.
  5614 | D:6      | Reached XP level 9. HP: 73/73 MP: 13/15
  6649 | D:7      | Noticed Maggie
  6660 | D:7      | Killed Maggie
  6975 | D:7      | Reached skill level 5 in Invocations
  7022 | D:7      | Gained mutation: You are vulnerable to heat. (rF-) [potion
                  | of mutation]
  7026 | D:7      | Reached *** piety under Cheibriados
  7052 | D:7      | Mangled by a wight

Illustrated notes

Levels and vault maps discovered:
D:1:      reono_arrival_mine, layout_basic, serial_shops, shop, st_stairs_12
D:2:      minmay_diamond_boxcup, layout_basic, nicolae_ecumenical_snake_handling
D:3:      layout_loops_ring
D:4:      layout_loops_ring, jmf_multi_god_temple, minmay_temple_entry_poolview
D:5:      layout_basic, kennysheep_little_box, nicolae_ru_the_path_less_chosen,
          xom_butterflies, nicolae_overflow_hidden_temple, uniq_eustachio
D:6:      layout_loops_corners, ebering_dispersal_statue_hall
D:7:      layout_basic, kennysheep_flooded_box, nicolae_wooded_promenade,
          hangedman_decor_riveting, chequers_serial_rivers_small_a, uniq_maggie
Temple:   jpeg_temple_alley_garden

Skill      XL: |  1  2  3  4  5  6  7  8  9 |
---------------+----------------------------+-----
Stealth        | 10 | 10.6
Invocations    | 1 2 3 4 5 |  5.1
Long Blades    | 1 2 3 4 |  4.6
Axes           | 1 2 3 4 |  4.6
Maces & Flails | 1 2 3 4 |  4.6
Polearms       | 1 2 3 4 |  4.6
Staves         | 1 2 3 4 |  4.6
Ranged Weapons | 1 2 3 4 |  4.6
Throwing       | 1 2 3 4 |  4.6
Armour         | 1 2 3 4 |  4.6
Shields        | 1 2 3 4 |  4.6
Unarmed Combat | 1 2 3 4 |  4.6
Spellcasting   | 1 2 3 4 |  4.6
Evocations     | 1 2 3 4 |  4.6
Shapeshifting  | 1 2 3 4 |  4.2
Conjurations   | 1 2 3 |  3.8
Hexes          | 1 2 3 |  3.8
Summonings     | 1 2 3 |  3.8
Necromancy     | 1 2 3 |  3.8
Translocations | 1 2 3 |  3.8
Fire Magic     | 1 2 3 |  3.8
Ice Magic      | 1 2 3 |  3.8
Air Magic      | 1 2 3 |  3.8
Earth Magic    | 1 2 3 |  3.8
Alchemy        | 1 2 3 |  3.8
Short Blades   | 5 6 |  6.6
Dodging        | 5 6 |  6.6
Fighting       | 7 8 |  8.1

Action                     |  1- 3 |  4- 6 |  7- 9 || total
---------------------------+-------+-------+-------++-------
  Melee: Short sword       |   102 |       |       ||   102
         Bite              |     9 |    16 |    36 ||    61
         Punch             |     1 |       |     8 ||     9
         Mace              |    14 |   166 |   319 ||   499
  Throw: Dart              |       |     4 |     4 ||     8
 Invoke: Temporal Distorti |       |       |     1 ||     1
  Evoke: Wand              |     1 |       |       ||     1
    Use: Scroll            |     2 |     2 |     4 ||     8
         Potion            |     2 |     5 |     4 ||    11
   Stab: Sleeping          |     9 |    14 |    17 ||    40
         Distracted        |       |     2 |       ||     2
 Armour: Leather armour    |    45 |       |       ||    45
         Ring mail         |    13 |   152 |   232 ||   397
  Dodge: Dodged            |    70 |   106 |   272 ||   448

Table legend: (Time is in decaauts)
 A = Elapsed time spent in this place.
 B = Non-inter-level travel time spent in this place.
 C = Inter-level travel time spent in this place.
 D = Time resting spent in this place.
 E = Time spent auto-exploring this place.
 F = Levels seen in this place.
 G = Mean time per level.
                   A        B        C        D        E       F      G
               +--------+--------+--------+--------+--------+-----+--------+
         Total |   7953 |   7464 |    489 |   1301 |   4633 |   8 |  994.1 |
       Dungeon |   7886 |   7463 |    423 |   1301 |   4633 |   7 | 1126.6 |
        Temple |     67 |      2 |     65 |      0 |      0 |   1 |   67.0 |
               +--------+--------+--------+--------+--------+-----+--------+

Top non-repeatable levels by time:
     D:5: 1790 daAuts
     D:4: 1362 daAuts
     D:6: 1263 daAuts
     D:1: 1039 daAuts
     D:3: 927 daAuts
     D:2: 856 daAuts
     D:7: 646 daAuts
  Temple: 67 daAuts
